 Dungeon Crawl Stone Soup version 0.32-a0-900-g30fb1b0 (webtiles) character file.

Game seed: 11865561725834057204

110 Dorkslayer the Shield-Bearer (level 4, -1/31 HPs)
             Began as an Octopode Fighter on Apr 5, 2024.
             Was an Initiate of Okawaru.
             Slain by Terence
             ... wielding a +0 hand axe
              (7 damage)
             ... on level 3 of the Dungeon.
             The game lasted 00:03:04 (2171 turns).

Dorkslayer the Shield-Bearer (Octopode Fighter)     Turns: 2171, Time: 00:03:04

Health: -1/31      AC:  1    Str: 17    XL:     4   Next: 91%
Magic:  4/4        EV: 12    Int: 10    God:    Okawaru [......]
Gold:   167        SH:  4    Dex: 11    Spells: 3/3 levels left

rFire   . . .        a - +0 war axe
rCold   . . .        b - +0 buckler
rNeg    . . .        (helmet restricted)
rPois   .            (no amulet)
rElec   .            (no ring)
rCorr   .            (no ring)
SInv    .            (no ring)
Will    .....        (no ring)
Stlth   +++          (no ring)
HPRegen 0.25/turn    (no ring)
MPRegen 0.09/turn    (no ring)
                     (no ring)

%: no passive effects
@: no status effects
A: almost no armour, amphibious, 8 rings, camouflage 1, gelatinous body 1,
(nimble swimmer 1), tentacles
a: Renounce Religion


You were on level 3 of the Dungeon.
You worshipped Okawaru.
Okawaru was noncommittal.
You visited 1 branch of the dungeon, and saw 3 of its levels.

You collected 167 gold pieces.

Inventory:

Hand Weapons
 a - a +0 war axe (weapon)
Missiles
 o - 2 boomerangs (quivered)
Armour
 b - a +0 buckler (worn)
Scrolls
 d - a scroll of amnesia {unknown}
 g - a scroll of brand weapon {unknown}
 i - a scroll of teleportation {unknown}
 k - 3 scrolls of identify {unknown}
 l - a scroll of revelation {unknown}
 m - a scroll of vulnerability {unknown}
Potions
 c - a potion of might
 e - a potion of brilliance {unknown}
 f - a potion of heal wounds {unknown}
 h - a potion of degeneration {unknown}
 j - a potion of resistance {unknown}
 n - 3 potions of mutation {unknown}


   Skills:
 + Level 3.4 Fighting
 + Level 3.0 Axes
 + Level 3.4 Dodging
 + Level 3.0 Stealth
 + Level 3.4 Shields
 * Level 0.4 Invocations


You had 3 spell levels left.
You didn't know any spells.
Your spell library contained the following spells:

 Spells                   Type           Power      Damage    Failure   Level
 Freeze                   Ice            0%         1d3       43%         1
 Frozen Ramparts          Ice            0%         1d1       82%         3
 Hailstorm                Conj/Ice       0%         3d5       82%         3


Dungeon Overview and Level Annotations

Branches:
Dungeon (3/15)

Altars:
Okawaru
Qazlal
Ru
Xom

Annotations:
D:3 Terence


Innate Abilities, Weirdness & Mutations

You cannot wear most types of armour.
You are amphibious.
You can wear up to eight rings at the same time.
Your skin changes colour to match your surroundings (Stealth+).
Your rubbery body absorbs attacks. (AC +1, EV +1)
((You are camouflaged when in or above water. (Stealth+)))
You have tentacles for arms and can constrict up to eight enemies at once.


Message History

You see here a jackal corpse.
You see here a jackal corpse.
You open the door.
A frilled lizard comes into view.
There is an open door here.
Found 2 ruby potions.
The frilled lizard hisses angrily.
The frilled lizard completely misses you.
You barely miss the frilled lizard. Your grab misses the frilled lizard.
Your squeeze misses the frilled lizard. The frilled lizard closely misses you.
The frilled lizard completely misses you.
You miss the frilled lizard. Your grab misses the frilled lizard.
The frilled lizard bites you.
You slash the frilled lizard!
You kill the frilled lizard!
Okawaru accepts your kill.
n - 3 ruby potions (gained 2) Terence the Incautious comes into view.
He is wielding a +0 hand axe.
Terence shouts!
Terence barely misses you.
You closely miss Terence. You grab Terence. You constrict Terence.
Terence hits you with a +0 hand axe. Terence closely misses you.
You hit Terence but do no damage. You squeeze Terence.
Terence is moderately wounded.
You constrict Terence. Terence hits you with a +0 hand axe!
You hit Terence but do no damage. You squeeze Terence, but do no damage.
Terence is moderately wounded.
You constrict Terence. Terence barely misses you.
Terence hits you with a +0 hand axe!
You hit Terence.
Terence is heavily wounded.
You constrict Terence. Terence hits you with a +0 hand axe.
* * * LOW HITPOINT WARNING * * *
You slash Terence! You squeeze Terence, but do no damage.
Terence is severely wounded.
You constrict Terence. Terence looks scornfully at you.
Terence hits you with a +0 hand axe!
You die...
Terence says, "Rest in peace."

#.# #.#
#.# #.#
#.# #.##
#@.#
#@.##+##.
#........
#.#######
#.# #.#
#.# #.#
#.# #.#


You could see Terence.

Vanquished Creatures
  2 gnolls (D:3)
  4 adders
  A dart slug (D:2)
  5 endoplasms
  2 giant cockroaches
  4 goblins
  5 hobgoblins
  7 jackals
  4 kobolds
  9 ball pythons
  5 bats
  2 frilled lizards
  A rat (D:1)
51 creatures vanquished.

Notes
Turn   | Place    | Note
-------+----------+-------------------------------------------
     0 | D:1      | Dorkslayer the Octopode Fighter began the quest for the
                  | Orb.
     0 | D:1      | Reached XP level 1. HP: 16/16 MP: 1/1
   160 | D:1      | Reached XP level 2. HP: 18/21 MP: 2/2
   677 | D:1      | Reached XP level 3. HP: 26/26 MP: 3/3
  1066 | D:2      | Reached skill level 1 in Stealth
  1172 | D:2      | Found a faded altar of an unknown god.
  1352 | D:2      | Reached XP level 4. HP: 21/31 MP: 4/4
  1536 | D:2      | Found a shimmering altar of Xom.
  1778 | D:3      | Found a stormy altar of Qazlal.
  1860 | D:3      | Found a sacrificial altar of Ru.
  1911 | D:3      | Found an iron altar of Okawaru.
  1932 | D:3      | Became a worshipper of Warmaster Okawaru
  2162 | D:3      | Noticed Terence
  2171 | D:3      | Slain by Terence

Illustrated notes

Levels and vault maps discovered:
D:1:      dpeg_arrival_fog, layout_basic, minmay_stone_trees_small,
          feat_on_display
D:2:      layout_basic, shapermc_ecumenical_altar_petra, basic_altar,
          nicolae_eternal_life
D:3:      layout_basic, okawaru_altar_gauntlet_db, nicolae_uskayaw_en_pointe,
          lemuel_doored_altar, nzn_wu_jian_council_hall, grunt_qazlal_clouds,
          roderic_batcave, uniq_terence

Skill      XL: |  1  2  3  4 |
---------------+-------------+-----
Stealth        | 2 3 |  3.0
Axes           | 3 |  3.0
Fighting       | |  3.4
Dodging        | |  3.4
Shields        | |  3.4
Invocations    | |  0.4

Action                     |  1- 3 |  4- 6 || total
---------------------------+-------+-------++-------
  Melee: War axe           |    46 |    44 ||    90
         Tentacles         |     7 |    10 ||    17
         Constrict         |     8 |     9 ||    17
   Stab: Sleeping          |    12 |     1 ||    13
 Armour: Skin              |    20 |    27 ||    47
  Dodge: Dodged            |    24 |    30 ||    54
  Block: Buckler           |    11 |     9 ||    20

Table legend: (Time is in decaauts)
 A = Elapsed time spent in this place.
 B = Non-inter-level travel time spent in this place.
 C = Inter-level travel time spent in this place.
 D = Time resting spent in this place.
 E = Time spent auto-exploring this place.
 F = Levels seen in this place.
 G = Mean time per level.
                   A        B        C        D        E       F      G
               +--------+--------+--------+--------+--------+-----+--------+
         Total |   2207 |   2207 |      0 |      0 |   1421 |   3 |  735.7 |
       Dungeon |   2207 |   2207 |      0 |      0 |   1421 |   3 |  735.7 |
               +--------+--------+--------+--------+--------+-----+--------+

Top non-repeatable levels by time:
     D:1: 1015 daAuts
     D:2: 784 daAuts
     D:3: 407 daAuts
